 Dungeon Crawl Stone Soup version 0.21-a0-88-g13b9641 (webtiles) character file.

916 namelastname112 the Twirler (level 8, -11/67 HPs)
             Began as a Gnoll Wanderer on June 27, 2017.
             Was an Initiate of Wu Jian.
             Mangled by Duvessa
             ... wielding a +4 rapier of speed
              (20 damage)
             ... on level 4 of the Dungeon.
             The game lasted 00:07:02 (4210 turns).

namelastname112 the Twirler (Gnoll Wanderer)        Turns: 4210, Time: 00:07:03

Health: -11/67     AC:  9    Str: 11    XL:     8   Next: 9%
Magic:  8/8        EV: 13    Int: 20    God:    Wu Jian [......]
Gold:   235        SH:  0    Dex: 13    Spells: 7/7 levels left

rFire    . . .     SeeInvis .   c - +1 quarterstaff
rCold    . . .     Gourm    .   (shield currently unavailable)
rNeg     . . .     Faith    .   l - +0 ring mail
rPois    .         Spirit   .   C - +2 hat
rElec    .         Reflect  .   y - +0 cloak
rCorr    .         Harm     .   (no gloves)
MR       .....                  (no boots)
Stlth    +.........             (no amulet)
HPRegen  0.21/turn              A - ring of flight (curse)
MPRegen  0.11/turn              (no ring)

@: brilliant
A: short attention span, fangs 1, strong nose
a: Renounce Religion, Evoke Flight


You were on level 4 of the Dungeon.
You worshipped Wu Jian.
Wu Jian was noncommittal.
You were not hungry.

You visited 1 branch of the dungeon, and saw 4 of its levels.
You also visited: Sewer.

You collected 235 gold pieces.

Inventory:

Hand Weapons
 c - a +1 quarterstaff (weapon)
Missiles
 u - 2 poisoned javelins (quivered)
Armour
 l - a +0 ring mail (worn)
 y - a +0 cloak (worn)
 C - a +2 hat (worn)
Jewellery
 A - a cursed ring of flight (left hand)
Wands
 q - a wand of random effects (30/48)
 B - a wand of disintegration (14/24)
Scrolls
 a - 3 scrolls of blinking {unknown}
 b - 2 scrolls of fear {unknown}
 e - 3 scrolls of enchant weapon
 k - 2 scrolls of identify
 o - a scroll of random uselessness {unknown}
 s - 4 scrolls of teleportation {unknown}
 w - 2 scrolls of fog {unknown}
 x - 3 scrolls of recharging {unknown}
 D - a scroll of magic mapping {unknown}
Potions
 d - a potion of agility {unknown}
 g - 2 potions of curing {unknown}
 h - a potion of flight
 i - 2 potions of resistance {unknown}
 m - 3 potions of brilliance
 n - 4 potions of heal wounds {unknown}
 t - 2 potions of might
 v - a potion of mutation {unknown}
 z - a potion of magic {unknown}
 E - a potion of ambrosia {unknown}
Comestibles
 f - 3 bread rations
 j - 4 meat rations
 p - 6 fruits
 r - 2 royal jellies


   Skills:
 + Level 7.1 Fighting
 * Level 7.9 Staves
 - Level 1.7 Throwing
 + Level 7.3 Armour
 + Level 6.0 Dodging
 - Level 1.5 Stealth
   Level 1.7 Shields


You had 7 spell levels left.
You didn't know any spells.

Dungeon Overview and Level Annotations

Branches:
Dungeon (4/15)
 Temple: D:4-7

Altars:
Cheibriados
Elyvilon
Fedhas
Wu Jian

Annotations:
D:4 Dowan, Duvessa


Innate Abilities, Weirdness & Mutations

You have a short attention span.
You have very sharp teeth.
Your uncanny sense of smell can sniff out nearby items.


Message History

Duvessa hits you with a rapier of speed!
You take 15 damage, and have 35/67 hp.
MASSIVE DAMAGE!!
You hit Duvessa.
Duvessa is moderately wounded.
Duvessa barely misses you.
You closely miss Duvessa.
Duvessa is moderately wounded.
Duvessa hits you with a rapier of speed!
* * * LOW HITPOINT WARNING * * *
Duvessa hits you with a rapier of speed!
* * * LOW HITPOINT WARNING * * *
Dowan gestures wildly while chanting.
Dowan blinks!
You take 27 damage, and have 8/67 hp.
MASSIVE DAMAGE!!
You are too injured to fight recklessly!
It was a potion of brilliance.
You feel clever all of a sudden. Duvessa barely misses you.
Duvessa hits you with a rapier of speed!!
You die...

.....# ### ######
..# #.# #e# #.#
#ยง# #.# #e# #@#
#.# #.# #.#
################.#
.................#
##################


You could see Duvessa and Dowan.

Vanquished Creatures
  Grinder (D:4)
  The ghost of HAL9000 the Chucker, an amateur OgHu (D:3)
  A phantom (D:4)
  3 big kobolds (Sewer)
  A howler monkey (D:4)
  A crimson imp (D:4)
  A hound (D:4)
  A bullfrog skeleton (D:4)
  A gnoll (D:2)
  9 adders
  A howler monkey skeleton (D:4)
  2 river rats
  4 oozes
  An adder skeleton (D:4)
  2 worms (D:3)
  2 dart slugs (D:2)
  An orc (D:3)
  3 giant cockroaches
  7 goblins
  5 hobgoblins
  6 jackals
  6 kobolds
  A quokka (D:2)
  6 ball pythons
  10 bats
  8 frilled lizards
  4 rats
89 creatures vanquished.

Notes
Turn   | Place    | Note
-------+----------+-------------------------------------------
     0 | D:1      | namelastname112 the Gnoll Wanderer began the quest for the Orb.
     0 | D:1      | namelastname112 set off with: a +0 shield, a potion of lignification, a +0 quarterstaff, a +0 robe, a +0 dagger, a bread ration
     0 | D:1      | Reached XP level 1. HP: 20/20 MP: 1/1
   149 | D:1      | Reached skill level 5 in Armour
   149 | D:1      | Reached skill level 1 in Dodging
   150 | D:1      | Reached skill level 5 in Fighting
   150 | D:1      | Reached XP level 2. HP: 9/27 MP: 2/2
   744 | D:1      | Reached XP level 3. HP: 32/33 MP: 3/3
  1393 | D:2      | Reached XP level 4. HP: 37/39 MP: 4/4
  1721 | D:3      | Noticed HAL9000's ghost (amateur OgHu)
  1750 | D:3      | Killed HAL9000's ghost
  1750 | D:3      | Reached skill level 5 in Staves
  1750 | D:3      | Reached XP level 5. HP: 29/46 MP: 5/5
  1770 | D:3      | Found a glowing drain.
  1781 | Sewer    | Entered a sewer
  1956 | Sewer    | Noticed a big kobold
  1969 | Sewer    | Killed a big kobold
  1969 | Sewer    | Reached XP level 6. HP: 46/52 MP: 6/6
  2469 | Sewer    | Reached XP level 7. HP: 57/59 MP: 7/7
  2580 | D:3      | Found an ornate altar of the Wu Jian Council.
  2754 | D:3      | Found a white marble altar of Elyvilon.
  3123 | D:3      | Became a worshipper of the Wu Jian Council
  3144 | D:4      | Found a blossoming altar of Fedhas.
  3287 | D:4      | Reached skill level 5 in Dodging
  3522 | D:4      | Found a snail-covered altar of Cheibriados.
  3791 | D:4      | Noticed Grinder
  3796 | D:4      | Paralysed by Grinder for 7 turns
  3813 | D:4      | Killed Grinder
  3813 | D:4      | Reached XP level 8. HP: 12/67 MP: 8/8
  4196 | D:4      | Noticed Duvessa
  4197 | D:4      | Noticed Dowan
  4210 | D:4      | Mangled by Duvessa

Vault maps used:
D:1:      nicolae_arrival_washed_ashore, hangedman_decor_opposing, nrook_uturn
D:2:      cheibrodos_gnoll_hut
D:3:      lemuel_crystal_altar, elyvilon_altar_1, cheibrodos_sewer_entry_sluice
D:4:      lemuel_doored_altar, old_standard_altar, uniq_duvessa, uniq_grinder
Sewer:    sewer_co_15_rooms

Skill      XL: |  1  2  3  4  5  6  7 |
---------------+----------------------+-----
Staves         | 2 3 5 6 7 |  7.9
Armour         | 5 6 7 |  7.3
Dodging        | 1 2 3 4 6 |  6.0
Fighting       | 5 6 7 |  7.1
Throwing       | |  1.7
Stealth        | |  1.5
Shields        | |  1.7

Action                   |  1- 3 |  4- 6 |  7- 9 || total
-------------------------+-------+-------+-------++-------
Melee: Quarterstaff      |   100 |   139 |   125 ||   364
       Bite              |     4 |     6 |    11 ||    21
       Unarmed           |       |    18 |       ||    18
  Use: Potion            |       |     2 |     1 ||     3
       Scroll            |       |     2 |       ||     2
 Stab: Sleeping          |       |       |     1 ||     1
  Eat: Chunk             |     1 |     4 |     4 ||     9
       Royal jelly       |       |       |     1 ||     1
Armor: Robe              |     4 |       |       ||     4
       Ring mail         |    36 |    39 |    30 ||   105
       Skin              |       |     9 |       ||     9
Dodge: Dodged            |    59 |    74 |    68 ||   201
